 Dungeon Sprint DCSS version 0.26-a0-812-g31a745ddcd (webtiles) character file.

Game seed: 7130446901484348622

485 HoaS the Fighter (level 7, 0/50 HPs)
             Began as a Gargoyle Gladiator on Dec 3, 2020.
             Was a Believer of Makhleb.
             Killed from afar by a deep elf mage (19 damage)
             ... with a shard of ice
             ... in the Dungeon (Sprint IX: "|||||||||||||||||||||||||||||").
             The game lasted 00:02:24 (604 turns).

HoaS the Fighter (Gargoyle Gladiator)                Turns: 604, Time: 00:02:25

Health: 0/50       AC: 17    Str: 22    XL:     7   Next: 13%
Magic:  7/7        EV:  9    Int:  9    God:    Makhleb [**....]
Gold:   0          SH:  0    Dex: 14    Spells: 6/6 levels left

rFire    . . .     SeeInvis .     - Unarmed
rCold    . . .     Faith    .   (no shield)
rNeg     + . .     Spirit   .   o - +0 plate armour
rPois    ∞         Reflect  .   b - +0 helmet
rElec    +         Harm     .   m - +0 cloak
rCorr    .         Rampage  .   n - +0 pair of gloves
MR       .....     NoTele   +   (no boots)
Stlth    ..........             (no amulet)
HPRegen  0.16/turn              p - +3 ring of strength
MPRegen  0.10/turn              q - +3 ring of dexterity

@: no status effects
A: negative energy resistance 1, electricity resistance, unbreathing,
petrification resistance, rot immunity, AC +4
a: Minor Destruction, Renounce Religion


You were in the Dungeon.
You worshipped Makhleb.
Makhleb was pleased with you.
You visited 1 branch

Inventory:

Armour
 b - a +0 helmet (worn)
 m - a +0 cloak (worn)
 n - a +0 pair of gloves (worn)
 o - a +0 plate armour (worn)
Jewellery
 p - a +3 ring of strength (left hand)
 q - a +3 ring of dexterity (right hand)
Wands
 l - a wand of acid (10)
Scrolls
 i - 2 scrolls of blinking
 j - 3 scrolls of remove curse
 k - 2 scrolls of amnesia
Potions
 d - 5 potions of curing
 e - a potion of invisibility
 f - 2 potions of heal wounds
 g - 4 potions of magic


   Skills:
 + Level 8.4 Fighting
 + Level 7.0 Throwing
 + Level 6.7 Dodging
 + Level 8.0 Unarmed Combat


You had 6 spell levels left.
You didn't know any spells.
Your spell library was empty.

Dungeon Overview and Level Annotations

Branches:
Dungeon (1/1)

Altars:
Cheibriados
Dithmenos
Elyvilon
Fedhas
Gozag
Hepliaklqana
Kikubaaqudgha
Makhleb
Nemelex Xobeh
Okawaru
Qazlal
Ru
Sif Muna
Trog
Uskayaw
Vehumet
Wu Jian
Xom
Yredelemnul
Zin
The Shining One
Beogh
Jiyva
Lugonu


Innate Abilities, Weirdness & Mutations

You are resistant to torment.
Your stone body is resilient. (AC +4)
You are immune to poison.
You resist negative energy. (rN+)
You are resistant to electric shocks. (rElec)
You can survive without breathing.
You are immune to petrification.
You are immune to rotting.


Message History

The bullfrog is severely wounded.
The bullfrog hits you but does no damage.
You closely miss the bullfrog.
The bullfrog is severely wounded.
The bullfrog barely misses you.
The deep elf mage gestures wildly while chanting.
The deep elf mage blinks!
The bullfrog barely misses you.
You punch the bullfrog!
You kill the bullfrog!
Makhleb accepts your kill.
Your Throwing skill increases to level 7!
Your Unarmed Combat skill increases to level 8!
You have reached level 7!
The deep elf mage hits you with a +0 short sword.
You closely miss the deep elf mage.
The deep elf mage is lightly wounded.
The worker ant barely misses you.
The deep elf mage points at you and mumbles some strange words.
The shard of ice hits you!!
You die...

▓.▓
▓.▓
▓[▓
▓)▓
▓.▓
▓.▓
▓.▓
▓e▓
▓@▓
▓B▓
▓B▓
▓.▓
▓.▓
▓.▓
▓.▓
▓.▓
▓.▓


You could see a deep elf mage and 2 worker ants.

Vanquished Creatures
  A yak (D)
  A centaur (D)
  A bullfrog (D)
  A killer bee (D)
  A wight (D)
  2 hounds (D)
  An iguana (D)
  A shadow imp (D)
  An adder skeleton (D)
  A worm (D)
  A leopard gecko (D)
  A bat (D)
  2 giant cockroaches (D)
  2 hobgoblins (D)
  A ball python (D)
  A quokka zombie (D)
19 creatures vanquished.

Notes
Turn   | Place    | Note
-------+----------+-------------------------------------------
     0 | D        | HoaS the Gargoyle Gladiator began the quest for the Orb.
     0 | D        | Reached XP level 1. HP: 12/12 MP: 1/1
    30 | D        | Reached XP level 2. HP: 4/19 MP: 2/2
   335 | D        | Reached XP level 3. HP: 14/24 MP: 3/3
   341 | D        | Found a roughly hewn altar of Beogh.
   341 | D        | Found a snail-covered altar of Cheibriados.
   341 | D        | Found a shadowy altar of Dithmenos.
   341 | D        | Found a white marble altar of Elyvilon.
   341 | D        | Found a blossoming altar of Fedhas.
   341 | D        | Found an opulent altar of Gozag.
   342 | D        | Found a hazy altar of Hepliaklqana.
   343 | D        | Found a viscous altar of Jiyva.
   344 | D        | Found an ancient bone altar of Kikubaaqudgha.
   345 | D        | Found a corrupted altar of Lugonu.
   346 | D        | Found a burning altar of Makhleb.
   347 | D        | Found a sparkling altar of Nemelex Xobeh.
   348 | D        | Found an iron altar of Okawaru.
   349 | D        | Found a stormy altar of Qazlal.
   350 | D        | Found a sacrificial altar of Ru.
   351 | D        | Found a shimmering blue altar of Sif Muna.
   352 | D        | Found a bloodstained altar of Trog.
   353 | D        | Found a hide-covered altar of Uskayaw.
   354 | D        | Became a worshipper of Makhleb the Destroyer
   355 | D        | Found a radiant altar of Vehumet.
   356 | D        | Found an ornate altar of the Wu Jian Council.
   357 | D        | Found a shimmering altar of Xom.
   358 | D        | Found a basalt altar of Yredelemnul.
   359 | D        | Found a glowing silver altar of Zin.
   360 | D        | Found a glowing golden altar of the Shining One.
   509 | D        | Noticed a centaur
   509 | D        | Noticed a killer bee
   521 | D        | Killed a centaur
   521 | D        | Reached skill level 5 in Fighting
   521 | D        | Reached skill level 5 in Unarmed Combat
   521 | D        | Reached XP level 4. HP: 27/32 MP: 4/4
   521 | D        | Reached XP level 5. HP: 30/36 MP: 5/5
   528 | D        | Reached skill level 5 in Throwing
   528 | D        | Reached skill level 5 in Dodging
   529 | D        | Reached * piety under Makhleb
   532 | D        | Reached XP level 6. HP: 42/42 MP: 6/6
   536 | D        | Reached ** piety under Makhleb
   573 | D        | Noticed a yak
   573 | D        | Noticed a deep elf mage
   582 | D        | Killed a yak
   603 | D        | Reached XP level 7. HP: 20/50 MP: 7/7
   604 | D        | Killed from afar by a deep elf mage

Illustrated notes

Levels and vault maps discovered:
D:        linesprint [early_d, line_temple, items_1, d_10, items_2, lair_1,
          lair_end, items_3, orc_1, orc_end, items_4, d_15, swamp_1, shoals_1,
          snake_1, spider_1, d_20, vaults_1, items_5, swamp_end, shoals_end,
          snake_end, spider_end, vaults_end, d_27, items_6, zot_1, zot_end,
          crypt_end, forest_end, elf_end, slime_end, tomb_end, abyss_end,
          pan_hell_end]

Skill      XL: |  1  2  3  4  5  6 |
---------------+-------------------+-----
Throwing       | 2 3 4 5 7 |  7.0
Fighting       | 3 4 5 6 8 |  8.4
Dodging        | 3 4 5 6 |  6.7
Unarmed Combat | 4 5 6 8 |  8.0

Action                   |  1- 3 |  4- 6 |  7- 9 || total
-------------------------+-------+-------+-------++-------
Melee: Unarmed           |    81 |    39 |     1 ||   121
       Punch             |       |     2 |       ||     2
Throw: Throwing net      |     1 |     2 |       ||     3
  Use: Potion            |     2 |     1 |       ||     3
 Stab: Held in net/web   |       |     2 |       ||     2
Armor: Leather armour    |    15 |       |       ||    15
       Plate armour      |     6 |    22 |       ||    28
Dodge: Dodged            |    30 |    11 |     1 ||    42

Table legend: (Time is in decaauts)
 A = Elapsed time spent in this place.
 B = Non-inter-level travel time spent in this place.
 C = Inter-level travel time spent in this place.
 D = Time resting spent in this place.
 E = Time spent auto-exploring this place.
 F = Levels seen in this place.
 G = Mean time per level.
                   A        B        C        D        E       F      G
               +--------+--------+--------+--------+--------+-----+--------+
         Total |    577 |    577 |      0 |    373 |      0 |   1 |  577.0 |
       Dungeon |    577 |    577 |      0 |    373 |      0 |   1 |  577.0 |
               +--------+--------+--------+--------+--------+-----+--------+

Top non-repeatable levels by time:
       D: 577 daAuts
